 Dungeon Crawl Stone Soup version 0.30-a0-953-g5f1da4a474 (webtiles) character file.

Game seed: 7967557981422172015

872 Darius099 the Cleaver (level 7, -14/57 HPs)
             Began as a Minotaur Fighter on Mar 29, 2023.
             Demolished by Pikel
             ... wielding a +2 whip of electrocution
              (19 damage)
             ... on level 5 of the Dungeon.
             The game lasted 00:03:06 (3636 turns).

Darius099 the Cleaver (Minotaur Fighter)            Turns: 3636, Time: 00:03:07

Health: -14/57     AC: 10    Str: 23    XL:     7   Next: 74%
Magic:  6/6        EV:  7    Int:  5    God:
Gold:   173        SH:  4    Dex:  9    Spells: 6/6 levels left

rFire   . . .      SeeInvis .    a - +0 war axe
rCold   . . .      Faith    .    c - +0 buckler
rNeg    . . .      Spirit   .    l - +0 chain mail
rPois   .          Reflect  .    (helmet restricted)
rElec   .          Rampage  .    u - +0 cloak
rCorr   .                        (no gloves)
Will    .....                    (no boots) Stlth
                                 (no amulet)
HPRegen 0.29/turn                (no ring)
MPRegen 0.10/turn                (no ring)

@: no status effects
A: horns 2, retaliatory headbutt
a: no special abilities


You were on level 5 of the Dungeon.
You visited 1 branch of the dungeon, and saw 5 of its levels.

You collected 173 gold pieces.

Inventory:

Hand Weapons
 a - a +0 war axe (weapon)
Armour
 c - a +0 buckler (worn)
 l - a +0 chain mail (worn)
 u - a +0 cloak (worn)
Jewellery
 y - an amulet of faith
Scrolls
 f - a scroll of torment {unknown}
 g - 2 scrolls of silence {unknown}
 h - 6 scrolls of identify {unknown}
 i - a scroll of blinking {unknown}
 j - 5 scrolls of teleportation {unknown}
 m - a scroll of enchant weapon {unknown}
 r - a scroll of fear {unknown}
 s - a scroll of vulnerability {unknown}
 w - a scroll of poison {unknown}
 x - a scroll of fog {unknown}
Potions
 b - a potion of berserk rage {unknown}
 d - a potion of might
 e - 2 potions of mutation {unknown}
 k - 3 potions of curing {unknown}
 n - a potion of heal wounds {unknown}
 o - a potion of attraction {unknown}
 p - a potion of invisibility {unknown}
 q - a potion of ambrosia {unknown}
 t - a potion of haste {unknown}
 v - 2 potions of degeneration {unknown}


   Skills:
 - Level 3.6 Fighting
 + Level 10.8 Axes
 - Level 3.6 Armour
 - Level 3.6 Shields


You had 6 spell levels left.
You didn't know any spells.
Your spell library was empty.

Dungeon Overview and Level Annotations

Branches:
Dungeon (5/15)
 Temple: D:4-7

Altars:
Uskayaw

Annotations:
D:5 Pikel


Innate Abilities, Weirdness & Mutations

You have a pair of horns on your head.
You reflexively headbutt those who attack you in melee.


Message History

You closely miss Pikel.
Pikel hits you with a +2 whip of electrocution.
You hit Pikel but do no damage.
Pikel zaps a wand.
The puff of flame hits you.
You barely miss Pikel.
Pikel hits you with a +2 whip of electrocution.
You closely miss Pikel. Your headbutt misses Pikel.
You hit Pikel but do no damage. Your headbutt misses Pikel.
Pikel hits you with a +2 whip of electrocution!
You are electrocuted!
* * * LOW HITPOINT WARNING * * *
Pikel completely misses you.
You slash Pikel!
Pikel is heavily wounded.
You block Pikel's attack.
You completely miss Pikel.
Pikel is heavily wounded.
You block Pikel's attack.
You slash Pikel! Your headbutt misses Pikel.
Pikel is severely wounded.
You block Pikel's attack.
You barely miss Pikel. Your headbutt misses Pikel.
Pikel is severely wounded.
You block Pikel's attack.
You miss Pikel.
Pikel is severely wounded.
Pikel hits you but does no damage.
You miss Pikel. Your headbutt misses Pikel.
Pikel is heavily wounded.
Pikel hits you with a +2 whip of electrocution.
* * * LOW HITPOINT WARNING * * *
You barely miss Pikel.
Pikel is heavily wounded.
Pikel hits you with a +2 whip of electrocution!
* * * LOW HITPOINT WARNING * * *
You hit Pikel but do no damage.
Pikel is heavily wounded.
Pikel hits you with a +2 whip of electrocution.
* * * LOW HITPOINT WARNING * * *
You are electrocuted!!
You die...

## .# .#
.#################
.##..............#
.##.############.#
.##.# #.# # .##.#
#.# .# .##.# #@#
5# ....# #K##.#
.#### #5#..# .#
#####5#.5# .#
#....5...# .#
#.###.#K.# .#
#.#..# ## #.#..#
#.#..#


You could see Pikel and 3 lemures.

Vanquished Creatures
  A black bear (D:4)
  An ogre (D:4)
  A lemure (D:5)
  Blork the orc (D:5)
  A gnoll sergeant (D:5)
  A scorpion (D:4)
  2 jellies
  5 hounds
  Crazy Yiuf (D:2)
  Jessica (D:2)
  An iguana (D:4)
  2 orc wizards (D:4)
  4 gnolls (D:5)
  5 adders
  A worm (D:4)
  3 dart slugs
  An orc (D:4)
  8 ball pythons
  5 bats
  3 endoplasms (D:3)
  A giant cockroach (D:1)
  11 goblins
  8 hobgoblins
  13 kobolds
  A quokka (D:5)
  A frilled lizard (D:1)
  5 rats
88 creatures vanquished.

Vanquished Creatures (others)
  2 fungi (D:2)
2 creatures vanquished.

Grand Total: 90 creatures vanquished

Notes
Turn   | Place    | Note
-------+----------+-------------------------------------------
     0 | D:1      | Darius099 the Minotaur Fighter began the quest for the Orb.
     0 | D:1      | Reached XP level 1. HP: 19/19 MP: 0/0
    68 | D:1      | Reached skill level 3 in Axes
   233 | D:1      | Reached XP level 2. HP: 23/26 MP: 1/1
   594 | D:1      | Reached skill level 4 in Axes
   989 | D:2      | Reached XP level 3. HP: 31/31 MP: 2/2
   992 | D:2      | Noticed Jessica
   997 | D:2      | Killed Jessica
   998 | D:2      | Reached skill level 5 in Axes
  1186 | D:2      | Reached XP level 4. HP: 39/39 MP: 3/3
  1210 | D:2      | Identified the +4 whip of Sunlight {heavy, *Noise rElec
                  | Will++ SInv}
  1634 | D:2      | Found a runed translucent door.
  1635 | D:2      | Noticed Crazy Yiuf
  1640 | D:2      | Killed Crazy Yiuf
  1641 | D:2      | Reached skill level 6 in Axes
  1745 | D:3      | Reached XP level 5. HP: 40/45 MP: 4/4
  2526 | D:4      | Noticed a black bear
  2526 | D:4      | Noticed an ogre
  2543 | D:4      | Killed an ogre
  2544 | D:4      | Reached skill level 7 in Axes
  2544 | D:4      | Reached XP level 6. HP: 35/51 MP: 5/5
  2587 | D:4      | Reached skill level 8 in Axes
  2746 | D:4      | Reached skill level 9 in Axes
  2807 | D:4      | Reached XP level 7. HP: 54/57 MP: 6/6
  3132 | D:4      | Found a hide-covered altar of Uskayaw.
  3188 | D:5      | Entered Level 5 of the Dungeon
  3188 | D:5      | Noticed Blork the orc
  3192 | D:5      | Killed Blork the orc
  3233 | D:5      | Reached skill level 10 in Axes
  3599 | D:5      | Noticed Pikel
  3636 | D:5      | Demolished by Pikel

Illustrated notes

Levels and vault maps discovered:
D:1:      eino_arrival_water_star, layout_basic, grunt_decor_arrowhead,
          serial_park_tiny_pond
D:2:      layout_loops_ring, serial_glass, glass_columns_b, glass_columns_a,
          uniq_jessica, uniq_crazy_yiuf_cottage
D:3:      layout_loops_ring
D:4:      layout_loops_ring, nicolae_overflow_hidden_temple, minmay_box_of_dots
D:5:      layout_basic, biasface_ghost_orc_armoury, minmay_divided_ellipse,
          uniq_pikel, uniq_grinder, uniq_blork_the_orc

Skill      XL: |  1  2  3  4  5  6  7 |
---------------+----------------------+-----
Axes           | 3 4 5 6 7 9 10 | 10.8
Fighting       | |  3.6
Armour         | |  3.6
Shields        | |  3.6

Action                     |  1- 3 |  4- 6 |  7- 9 || total
---------------------------+-------+-------+-------++-------
  Melee: War axe           |    66 |    99 |    74 ||   239
         Headbutt          |       |    19 |     9 ||    28
 Armour: Scale mail        |     8 |       |       ||     8
         Chain mail        |    28 |    50 |    23 ||   101
  Dodge: Dodged            |    36 |    38 |    20 ||    94
  Block: Buckler           |    14 |    15 |    12 ||    41

Table legend: (Time is in decaauts)
 A = Elapsed time spent in this place.
 B = Non-inter-level travel time spent in this place.
 C = Inter-level travel time spent in this place.
 D = Time resting spent in this place.
 E = Time spent auto-exploring this place.
 F = Levels seen in this place.
 G = Mean time per level.
                   A        B        C        D        E       F      G
               +--------+--------+--------+--------+--------+-----+--------+
         Total |   3677 |   3443 |    234 |    237 |   2591 |   5 |  735.4 |
       Dungeon |   3677 |   3443 |    234 |    237 |   2591 |   5 |  735.4 |
               +--------+--------+--------+--------+--------+-----+--------+

Top non-repeatable levels by time:
     D:1: 943 daAuts
     D:2: 822 daAuts
     D:4: 812 daAuts
     D:3: 649 daAuts
     D:5: 449 daAuts
